 Dungeon Crawl Stone Soup version 0.31.0-32-g396128a36d (webtiles) character file.

Game seed: 10531639817108521084

268 Urgle the Magician (level 6, -1/70 HPs)
             Began as a Djinni Fire Elementalist on Mar 18, 2024.
             Slain by a black bear (4 damage)
             ... on level 3 of the Dungeon.
             The game lasted 00:09:24 (1908 turns).

Urgle the Magician (Djinni Fire Elementalist)       Turns: 1908, Time: 00:09:25

Health: -1/70      AC:  2    Str:  7    XL:     6   Next: 46%
Gold:   97         EV: 12    Int: 19    God:
                   SH:  0    Dex: 13

rFire   + + .        i - +3 dagger (holy)
rCold   x . .        (no shield)
rNeg    . . .        a - +0 robe
rPois   ∞            (no helmet)
rElec   .            (no cloak)
rCorr   .            (no gloves)
SInv    .            (boots unavailable)
Will    .....        (no amulet) Stlth
                     (no ring)
HPRegen 0.31/turn    (no ring)
MPRegen 0.00/turn

%: infuse magic (-2 HP)
@: berserking, flying, very quick
A: sickness immunity, fire resistance 2, cold vulnerability 1, float, innate
caster, HP casting, extra vitality 1
a: no special abilities


You were on level 3 of the Dungeon.
You visited 1 branch of the dungeon, and saw 3 of its levels.

You collected 97 gold pieces.

Inventory:

Hand Weapons
 i - a +3 dagger of holy wrath (weapon)
Armour
 a - a +0 robe (worn)
 k - a +0 leather armour
Scrolls
 c - a scroll of teleportation {unknown}
 g - a scroll of identify {unknown}
 j - a scroll of enchant weapon {unknown}
Potions
 b - a potion of enlightenment {unknown}
 d - a potion of cancellation {unknown}
 e - a potion of magic {unknown}
 f - a potion of curing {unknown}
 h - 2 potions of berserk rage


   Skills:
 * Level 3.6 Fighting
 - Level 2.2 Dodging
 - Level 1.6 Stealth
 * Level 4.7 Spellcasting
 * Level 4.7 Conjurations
 * Level 4.7 Hexes
 * Level 4.7 Summonings
 * Level 4.7 Necromancy
 * Level 4.7 Translocations
 * Level 4.7 Fire Magic
 * Level 4.7 Ice Magic
 * Level 4.7 Air Magic
 * Level 4.7 Earth Magic
 * Level 4.7 Alchemy


You knew the following spells:

 Your Spells              Type           Power      Damage    Failure   Level
a - Foxfire               Conj/Fire      88%        2x1d8     1%          1
b - Scorch                Fire           44%        2d6       2%          2
c - Volatile Blastmotes   Fire/Tloc      44%        2d13      5%          3
d - Inner Flame           Hex/Fire       22%        N/A       5%          3
e - Flame Wave            Conj/Fire      22%        2d8       19%         4
f - Sting                 Conj/Alch      88%        1d8       1%          1
g - Blink                 Tloc           44%        N/A       2%          2
Your spell library was empty.

Dungeon Overview and Level Annotations

Branches:
Dungeon (3/15)

Altars:


Innate Abilities, Weirdness & Mutations

You are immune to sickness and miasma.
You are immune to poison.
Your flesh is very heat resistant. (rF++)
You are vulnerable to cold. (rC-)
You float through the air rather than walking.
You learn spells naturally, not from books.
Your magical power is your life essence.
You have superior vitality. (+4 MHP)


Message History

Confirm with . or Enter, or press ? or * to list all spells.
A cloud of volatile blastmotes flares up around you!
Run!
The cloud of blastmotes explodes!
The concussive blast engulfs the black bear.
The black bear is lightly wounded.
You hear an angry hiss.
Casting: Volatile Blastmotes (dangerous; 5% risk of failure)
Confirm with . or Enter, or press ? or * to list all spells.
Flames lash the black bear.
The black bear is moderately wounded.
The black bear's fire resistance burns away.
Casting: Scorch (safe; 2% risk of failure)
Confirm with . or Enter, or press ? or * to list all spells.
Flames lash the black bear.
The black bear is burned terribly!
The black bear is almost dead.
The black bear bites you but does no damage.
The black bear claws you. x2
Casting: Scorch (safe; 2% risk of failure)
Confirm with . or Enter, or press ? or * to list all spells.
Flames lash the hobgoblin.
The hobgoblin is almost dead.
The hobgoblin's fire resistance burns away.
The black bear goes berserk!
Casting: Scorch (safe; 2% risk of failure)
Confirm with . or Enter, or press ? or * to list all spells.
Flames lash the hobgoblin.
The hobgoblin is burned terribly!
You kill the hobgoblin!
The black bear bites you!
* * * LOW HITPOINT WARNING * * *
The black bear closely misses you. The black bear claws you.
* * * LOW HITPOINT WARNING * * *
It was a potion of berserk rage.
A red film seems to cover your vision as you go berserk!
You feel yourself moving faster!
You feel mighty! The black bear barely misses you.
The black bear closely misses you.
The black bear claws you but does no damage.
The black bear barely misses you. The black bear claws you.
* * * LOW HITPOINT WARNING * * *
The black bear claws you.
You die...

#...#..#####
#.†.......
##.......####
....†!...... #.
#.....# #.#
#wg.# ..###)##
#.#...#####.####
#....wh@......#
#....#####.##.#
#.#.## #.#)..##
..#.#.#.##
#.#.##.##.###.#
#..>..........#
###.##.##.###.#
#.#.#.##


You could see a black bear (berserk, combustible) and a ribbon worm.

Vanquished Creatures
  Grinder (D:3)
  An adder (D:2)
  An ufetubus (D:3)
  3 ribbon worms
  An orc (D:3)
  7 bats
  2 giant cockroaches (D:2)
  A goblin (D:1)
  6 hobgoblins
  4 jackals (D:2)
  5 kobolds
  4 quokkas
  4 ball pythons
  5 frilled lizards
  5 rats
50 creatures vanquished.

Vanquished Creatures (others)
  90 foxfires
90 creatures vanquished.

Grand Total: 140 creatures vanquished

Notes
Turn   | Place    | Note
-------+----------+-------------------------------------------
     0 | D:1      | Urgle the Djinni Fire Elementalist began the quest for the
                  | Orb.
     0 | D:1      | Urgle set off with the following spells memorised: Foxfire,
                  | Scorch, Volatile Blastmotes, Inner Flame, Flame Wave.
     0 | D:1      | Reached XP level 1. HP: 15/15 MP: 0/0
   198 | D:1      | Reached XP level 2. HP: 17/22 MP: 0/0
   250 | D:1      | Reached skill level 1 in Fighting
   755 | D:1      | Reached XP level 3. HP: 25/27 MP: 0/0
   755 | D:1      | Learned a level 1 spell: Sting
  1316 | D:2      | Reached XP level 4. HP: 31/33 MP: 0/0
  1817 | D:3      | Noticed Grinder
  1821 | D:3      | Killed Grinder
  1822 | D:3      | Reached XP level 5. HP: 28/40 MP: 0/0
  1822 | D:3      | Learned a level 2 spell: Blink
  1822 | D:3      | Reached XP level 6. HP: 32/46 MP: 0/0
  1897 | D:3      | Noticed a black bear
  1907 | D:3      | HP: 2/47 [black bear (6)]
  1908 | D:3      | Slain by a black bear

Illustrated notes

Levels and vault maps discovered:
D:1:      nagdon_arrival_zigzag_paths, layout_basic
D:2:      layout_loops_ring, kennysheep_generic_room_9
D:3:      layout_loops_ring, mainiacjoe_overflow_alcove_2, eino_tiny_chamber,
          minmay_misc_feat_tower, minmay_circle_x, uniq_grinder

Skill      XL: |  1  2  3  4 |
---------------+-------------+-----
Fighting       | 1 2 3 |  3.6
Spellcasting   | 4 |  4.7
Conjurations   | 4 |  4.7
Hexes          | 4 |  4.7
Summonings     | 4 |  4.7
Necromancy     | 4 |  4.7
Translocations | 4 |  4.7
Fire Magic     | 4 |  4.7
Ice Magic      | 4 |  4.7
Air Magic      | 4 |  4.7
Earth Magic    | 4 |  4.7
Alchemy        | 4 |  4.7
Dodging        | |  2.2
Stealth        | |  1.6

Action                     |  1- 3 |  4- 6 || total
---------------------------+-------+-------++-------
  Melee: Unarmed           |     8 |       ||     8
   Cast: Foxfire           |    43 |    18 ||    61
         Scorch            |    16 |    13 ||    29
         Volatile Blastmot |       |     2 ||     2
    Use: Potion            |       |     1 ||     1
 Armour: Robe              |    23 |    10 ||    33
  Dodge: Dodged            |    24 |     5 ||    29
